 Dungeon Crawl Stone Soup version 0.21.0-37-g46506fa (webtiles) character file.

423 tidbits the Digger (level 6, 44/44 HPs)
             Began as a Gnoll Earth Elementalist on Feb 1, 2018.
             Quit the game in the Ecumenical Temple.
             The game lasted 00:10:04 (800 turns).

tidbits the Digger (Gnoll Earth Elementalist)        Turns: 800, Time: 00:10:05

Health: 44/44      AC:  3    Str: 11    XL:     6   Next: 95%
Magic:  14/14      EV: 15    Int: 23    God:
Gold:   49         SH:  0    Dex: 15    Spells: 9/15 levels left

rFire    . . .     SeeInvis .   a - +0 dagger
rCold    . . .     Gourm    .   (no shield)
rNeg     . . .     Faith    .   B - +0 robe
rPois    .         Spirit   .   (no helmet)
rElec    .         Reflect  .   C - +0 cloak
rCorr    .         Harm     +   (no gloves)
MR       .....                  (no boots)
Stlth    +++.......             k - amulet of harm
HPRegen  0.14/turn              r - +4 ring of intelligence
MPRegen  0.14/turn              u - ring of flight

@: no status effects
A: distributed training, fangs 1, strong nose
a: Evoke Flight


You were in the Ecumenical Temple.
You were not hungry.

You visited 2 branches of the dungeon, and saw 7 of its levels.

You collected 49 gold pieces.

Inventory:

Hand Weapons
 a - a +0 dagger (weapon)
 b - a +3 hand axe of chopping
   (You found it on level 1 of the Dungeon)
 g - a -3 war axe
Missiles
 i - 42 stones (quivered)
Armour
 B - a +0 robe (worn)
 C - a +0 cloak (worn)
 D - a +0 shield
Jewellery
 k - an amulet of harm (around neck)
   (You found it on level 1 of the Dungeon)
 r - a +4 ring of intelligence (left hand)
   (You found it on level 2 of the Dungeon)
 u - a ring of flight (right hand)
   (You found it on level 4 of the Dungeon)
Scrolls
 f - 3 scrolls of teleportation
 s - a scroll of amnesia {unknown}
 t - a scroll of fog
Potions
 h - a potion of heal wounds {unknown}
 j - 2 potions of invisibility {unknown}
 l - a potion of brilliance {unknown}
 m - 2 potions of agility
 q - a potion of might {unknown}
Books
 e - a book of Geomancy

   Spells                             Type                      Level
   a - Sandblast                      Earth                        1
   b - Passwall                       Transmutation/Earth          2
   c - Stone Arrow                    Conjuration/Earth            3
   d - Petrify                        Transmutation/Earth          4
   e - Lee's Rapid Deconstruction     Earth                        5
Comestibles
 c - 2 rations


   Skills:
 + Level 2.1 Fighting
 + Level 2.1 Short Blades
 + Level 2.1 Long Blades
 + Level 2.1 Axes
 + Level 2.1 Maces & Flails
 + Level 2.1 Polearms
 + Level 2.1 Staves
 + Level 2.1 Slings
 + Level 2.1 Bows
 + Level 2.1 Crossbows
 + Level 2.1 Throwing
 + Level 2.1 Armour
 + Level 5.0 Dodging
 + Level 4.7 Stealth
 + Level 2.1 Shields
 + Level 2.1 Unarmed Combat
 + Level 5.4 Spellcasting
 + Level 1.7 Conjurations
 + Level 1.7 Hexes
 + Level 1.7 Charms
 + Level 1.7 Summonings
 + Level 1.7 Necromancy
 + Level 1.7 Translocations
 + Level 2.7 Transmutations
 + Level 1.7 Fire Magic
 + Level 1.7 Ice Magic
 + Level 1.7 Air Magic
 + Level 5.7 Earth Magic
 + Level 1.7 Poison Magic
 + Level 2.3 Invocations
 + Level 2.1 Evocations


You had 9 spell levels left.
You knew the following spells:

 Your Spells              Type           Power        Failure   Level  Hunger
a - Sandblast             Erth           ####..       1%          1    None
j - Stone Arrow           Conj/Erth      ###...       6%          3    ##.....
p - Passwall              Tmut/Erth      ####......   2%          2    None


Dungeon Overview and Level Annotations

Branches:
Dungeon (6/15)             Temple (1/1) D:5

Altars:
Ashenzari
Kikubaaqudgha
Makhleb
Nemelex Xobeh
Okawaru
Ru
Sif Muna
Trog
Uskayaw
Xom
Zin

Annotations:
D:2 Robin


Innate Abilities, Weirdness & Mutations

Your experience applies equally to all skills.
You have very sharp teeth.
Your uncanny sense of smell can sniff out nearby items.


Message History

i - 46 stones
Casting: Sandblast
Confirm with . or Enter, or press ? or * to list all spells.
Aiming: Sandblast
Press: ? - help, Shift-Dir - straight line, f/p - phantom
Aim: a phantom (severely damaged)
The blast of sand hits the phantom.
You destroy the phantom!
Your Fighting skill increases to level 2!
Your Short Blades skill increases to level 2!
Your Long Blades skill increases to level 2!
Your Axes skill increases to level 2!
Your Maces & Flails skill increases to level 2!
Your Polearms skill increases to level 2!
Your Staves skill increases to level 2!
Your Slings skill increases to level 2!
Your Bows skill increases to level 2!
Your Crossbows skill increases to level 2!
Your Throwing skill increases to level 2!
Your Armour skill increases to level 2!
Your Shields skill increases to level 2!
Your Unarmed Combat skill increases to level 2!
Your Evocations skill increases to level 2!
i - 45 stones Unknown command.
Really walk into that teleport trap?
You enter a teleport trap!
The teleport trap disappears.
Your surroundings seem slightly different.
Unknown command.
The orc wizard shouts!
You hear a shout!
The orc wizard gestures wildly while chanting.
The orc wizard flickers and vanishes!
Casting: Sandblast
Confirm with . or Enter, or press ? or * to list all spells.
You can't see any susceptible monsters within range! (Use Z to cast anyway.) Unknown command.
Casting: Sandblast
Confirm with . or Enter, or press ? or * to list all spells.
Aiming: Sandblast
Press: ? - help, Shift-Dir - straight line The blast of sand hits something.
i - 44 stones
Casting: Sandblast
Confirm with . or Enter, or press ? or * to list all spells.
Aiming: Sandblast
Press: ? - help, Shift-Dir - straight line The blast of sand hits something.
You feel a bit more experienced.
i - 43 stones Unknown command.
A quokka comes into view.
Things that are here:
a dagger; a robe; an orc corpse You see here a runed war axe.
g - a runed war axe Wield which item (- for none, * to show all)? (? for menu, Esc to quit)
It sticks to your hand!
g - a cursed -3 war axe (weapon)
Okay, then.
As you read the scroll labeled SEOQIF PAFFE, it crumbles to dust.
Your cursed -3 war axe glows dark aubergine for a moment.
It was a scroll of random uselessness.
As you read the scroll labeled FUSAAC TICHU, it crumbles to dust.
It is a scroll of enchant weapon.
Your +2 hand axe of chopping glows red for a moment.
As you read the scroll labeled ESTIYW BOSIW, it crumbles to dust.
You feel as if something is helping you.
It was a scroll of remove curse.
Drop what? 20/52 slots (_ for help) (? for menu, Esc to quit)
Okay, then.
Wield which item (- for none, * to show all)? (? for menu, Esc to quit)
a - a +0 dagger (weapon)
Unknown command.
A leopard gecko comes into view.
The leopard gecko hisses angrily.
Found a staircase to the Ecumenical Temple.
Casting: Sandblast
Confirm with . or Enter, or press ? or * to list all spells.
Aiming: Sandblast
Press: ? - help, Shift-Dir - straight line, f - leopard gecko
Aim: a leopard gecko The blast of sand hits the leopard gecko.
You kill the leopard gecko!
i - 42 stones An adder comes into view.
There is a staircase to the Ecumenical Temple here.
Unknown command.
You climb downwards.
Welcome to the Ecumenical Temple!
There is a staircase back to the Dungeon here.
Unknown command.
Magic restored.
You open the gate.
Found a glowing silver altar of Zin and a bloodstained altar of Trog.
Unknown command.
There is an open gate here.
Found a sparkling altar of Nemelex Xobeh and a deep blue altar of Sif Muna.
Found a burning altar of Makhleb and a shattered altar of Ashenzari.
There is a fountain of clear blue water here.
Found two altars.
Found a sacrificial altar of Ru and a shimmering altar of Xom.
There is a fountain of clear blue water here.
Are you sure you want to abandon this character and quit the game? (Confirm with "yes".)

. P
########################
.......................#
..._..._..._..._..._...#
.......................#
.......................#
......⌠.........@......#
.......................#
.......................#
..._..._..._..._..._...#
.......................#
########################
. .


There were no monsters in sight!

Vanquished Creatures
  A phantom (D:5)
  2 scorpions
  A howler monkey (D:5)
  A crimson imp (D:5)
  A hound (D:4)
  A jelly (D:5)
  An orc wizard (D:5)
  A worker ant (D:4)
  2 adders
  2 dart slugs (D:1)
  3 leopard geckos
  2 orcs
  4 bats
  2 giant cockroaches
  A goblin (D:2)
  3 jackals (D:3)
  8 kobolds
  A quokka (D:4)
  3 frilled lizards
  3 rats (D:1)
43 creatures vanquished.

Notes
Turn   | Place    | Note
-------+----------+-------------------------------------------
     0 | D:1      | tidbits the Gnoll Earth Elementalist began the quest for the Orb.
     0 | D:1      | Reached XP level 1. HP: 13/13 MP: 6/6
    71 | D:2      | Noticed Robin
    86 | D:1      | Reached skill level 2 in Transmutations
   104 | D:1      | Reached XP level 2. HP: 19/19 MP: 5/7
   155 | D:1      | Learned a level 2 spell: Passwall
   354 | D:2      | Found an iron altar of Okawaru.
   360 | D:2      | Reached XP level 3. HP: 25/25 MP: 6/9
   365 | D:2      | Learned a level 3 spell: Stone Arrow
   368 | D:2      | You fall through a shaft!
   383 | D:3      | Reached skill level 5 in Spellcasting
   513 | D:4      | Noticed a scorpion
   515 | D:4      | Killed a scorpion
   515 | D:4      | Reached skill level 1 in Fighting
   515 | D:4      | Reached skill level 1 in Short Blades
   515 | D:4      | Reached skill level 1 in Long Blades
   515 | D:4      | Reached skill level 1 in Axes
   515 | D:4      | Reached skill level 1 in Maces & Flails
   515 | D:4      | Reached skill level 1 in Polearms
   515 | D:4      | Reached skill level 1 in Staves
   515 | D:4      | Reached skill level 1 in Slings
   515 | D:4      | Reached skill level 1 in Bows
   515 | D:4      | Reached skill level 1 in Crossbows
   515 | D:4      | Reached skill level 1 in Throwing
   515 | D:4      | Reached skill level 1 in Armour
   515 | D:4      | Reached skill level 1 in Shields
   515 | D:4      | Reached skill level 1 in Unarmed Combat
   515 | D:4      | Reached skill level 1 in Invocations
   515 | D:4      | Reached skill level 1 in Evocations
   515 | D:4      | Reached XP level 4. HP: 32/32 MP: 9/11
   533 | D:4      | Reached skill level 1 in Conjurations
   533 | D:4      | Reached skill level 1 in Hexes
   533 | D:4      | Reached skill level 1 in Charms
   533 | D:4      | Reached skill level 1 in Summonings
   533 | D:4      | Reached skill level 1 in Necromancy
   533 | D:4      | Reached skill level 1 in Translocations
   533 | D:4      | Reached skill level 1 in Fire Magic
   533 | D:4      | Reached skill level 1 in Ice Magic
   533 | D:4      | Reached skill level 1 in Air Magic
   533 | D:4      | Reached skill level 1 in Poison Magic
   547 | D:4      | Reached XP level 5. HP: 24/37 MP: 5/12
   601 | D:5      | Entered Level 5 of the Dungeon
   627 | D:5      | Reached XP level 6. HP: 40/44 MP: 9/13
   684 | D:5      | Reached skill level 2 in Invocations
   697 | D:5      | Noticed a phantom
   700 | D:5      | Reached skill level 5 in Dodging
   703 | D:5      | Killed a phantom
   703 | D:5      | Reached skill level 2 in Fighting
   703 | D:5      | Reached skill level 2 in Short Blades
   703 | D:5      | Reached skill level 2 in Long Blades
   703 | D:5      | Reached skill level 2 in Axes
   703 | D:5      | Reached skill level 2 in Maces & Flails
   703 | D:5      | Reached skill level 2 in Polearms
   703 | D:5      | Reached skill level 2 in Staves
   703 | D:5      | Reached skill level 2 in Slings
   703 | D:5      | Reached skill level 2 in Bows
   703 | D:5      | Reached skill level 2 in Crossbows
   703 | D:5      | Reached skill level 2 in Throwing
   703 | D:5      | Reached skill level 2 in Armour
   703 | D:5      | Reached skill level 2 in Shields
   703 | D:5      | Reached skill level 2 in Unarmed Combat
   703 | D:5      | Reached skill level 2 in Evocations
   750 | D:5      | Found a staircase to the Ecumenical Temple.
   761 | Temple   | Entered the Ecumenical Temple
   800 | Temple   | Quit the game

Skill      XL: |  1  2  3  4  5  6 |
---------------+-------------------+-----
Transmutations | 2 |  2.7
Spellcasting   | 5 |  5.4
Fighting       | 1 2 |  2.1
Short Blades   | 1 2 |  2.1
Long Blades    | 1 2 |  2.1
Axes           | 1 2 |  2.1
Maces & Flails | 1 2 |  2.1
Polearms       | 1 2 |  2.1
Staves         | 1 2 |  2.1
Slings         | 1 2 |  2.1
Bows           | 1 2 |  2.1
Crossbows      | 1 2 |  2.1
Throwing       | 1 2 |  2.1
Armour         | 1 2 |  2.1
Shields        | 1 2 |  2.1
Unarmed Combat | 1 2 |  2.1
Invocations    | 1 2 |  2.3
Evocations     | 1 2 |  2.1
Conjurations   | 1 |  1.7
Hexes          | 1 |  1.7
Charms         | 1 |  1.7
Summonings     | 1 |  1.7
Necromancy     | 1 |  1.7
Translocations | 1 |  1.7
Fire Magic     | 1 |  1.7
Ice Magic      | 1 |  1.7
Air Magic      | 1 |  1.7
Poison Magic   | 1 |  1.7
Dodging        | 5 |  5.0
Stealth        | |  4.7
Earth Magic    | |  5.7

Action                   |  1- 3 |  4- 6 || total
-------------------------+-------+-------++-------
Melee: Dagger            |     9 |     2 ||    11
 Cast: Sandblast         |    30 |    27 ||    57
       Passwall          |     6 |       ||     6
  Use: Scroll            |       |     7 ||     7
 Stab: Sleeping          |     5 |     2 ||     7
  Eat: Ration            |     1 |       ||     1
Armor: Robe              |     3 |       ||     3
Dodge: Dodged            |     8 |     5 ||    13

Table legend:
 A = Turns spent in this place as a percentage of turns spent in the entire game.
 B = Non-inter-level travel turns spent in this place as a percentage of non-inter-level travel turns spent in the entire game.
 C = Inter-level travel turns spent in this place as a percentage of turns spent in this place.
 D = Turns resting spent in this place as a percentage of non-inter-level travel turns spent in this place.
 E = Turns spent auto-exploring this place as a percentage of non-inter-level travel turns spent in this place.
 F = Non-inter-level travel turns spent in this place divided by the number of levels of this place that you've seen.
                   A       B       C       D       E      F
               +-------+-------+-------+-------+-------+----------------------
         Total | 100.0 | 100.0 |   0.0 |   0.0 |   0.0 | 114.3
       Dungeon |  95.1 |  95.1 |   0.0 |   0.0 |   0.0 | 126.8
        Temple |   4.9 |   4.9 |   0.0 |   0.0 |   0.0 |  39.0
               +-------+-------+-------+-------+-------+----------------------

Table legend:
 A = Kills in this place as a percentage of kills in entire the game.
 B = Kills by you in this place as a percentage of kills by you in the entire game.
 C = Kills by friends in this place as a percentage of kills by friends in the entire game.
 D = Other kills in this place as a percentage of other kills in the entire game.
 E = Experience gained in this place as a percentage of experience gained in the entire game.
 F = Experience gained in this place divided by the number of levels of this place that you have seen.
                   A       B       C       D       E      F
               +-------+-------+-------+-------+-------+----------------------
         Total | 100.0 | 100.0 |   N/A |   N/A | 100.0 |  86.4
       Dungeon | 100.0 | 100.0 |   N/A |   N/A | 100.0 | 100.8
               +-------+-------+-------+-------+-------+----------------------

Vault maps used:
D:1:      dpeg_arrival_shrine, minmay_pentomino_s2
D:2:      elyvilon_altar_1, okawaru_gym_becter, first_ration,
          minmay_misc_feat_plants, xom_redecorated, uniq_terence, uniq_robin
D:3:      kennysheep_the_goblin_king, old_standard_altar, uniq_grinder,
          uniq_purgy, uniq_crazy_yiuf_cottage
D:4:      lemuel_doored_altar
D:5:      minmay_temple_entry_trees
D:6:      marbit_many_paths
Temple:   jpeg_temple_alley_garden
